 Dungeon Crawl Stone Soup version 0.26.1 (webtiles) character file.

Game seed: 2572162090209144032

5001 promet the Cleaver (level 10, -8/91 HPs)
             Began as a Minotaur Fighter on Feb 7, 2021.
             Was a Believer of Uskayaw.
             Mangled by Gastronok (32 damage)
             ... on level 8 of the Dungeon.
             The game lasted 00:39:06 (8901 turns).

promet the Cleaver (Minotaur Fighter)               Turns: 8901, Time: 00:39:07

Health: -8/91      AC: 15    Str: 24    XL:     10   Next: 29%
Magic:  6/9        EV: 10    Int:  6    God:    Uskayaw [**....]
Gold:   208        SH: 18    Dex: 12    Spells: 9/9 levels left

rFire    + . .     SeeInvis .   a - +1 war axe
rCold    + . .     Faith    .   y - +1 tower shield
rNeg     . . .     Spirit   .   p - +0 chain mail
rPois    .         Reflect  .   (helmet restricted)
rElec    .         Harm     .   B - +0 cloak
rCorr    +         Rampage  .   C - +0 pair of gloves {Str+3}
Will     +....                  H - +0 pair of boots of Follow the Leader {rF+ rC+ Will+}
Stlth    ..........             s - amulet of the acrobat
HPRegen  0.25/turn              k - ring of resist corrosion
MPRegen  0.11/turn              E - +4 ring of evasion

@: hasted, very quick
A: retaliatory headbutt, horns 2
a: Renounce Religion, Stomp, Line Pass


You were on level 8 of the Dungeon.
You worshipped Uskayaw.
Uskayaw was noncommittal.
You visited 1 branch of the dungeon, and saw 9 of its levels.

You collected 531 gold pieces.
You spent 323 gold pieces at shops.

Inventory:

Hand Weapons
 a - a +1 war axe (weapon)
 b - a +0 hunting sling
 l - a +2 vampiric dagger
 q - a +2 short sword of speed
 r - a +1 flail of protection
 v - a +4 dagger
 w - a +0 rapier
 A - a +2 whip of flaming
Missiles
 f - 22 sling bullets
 m - 6 boomerangs (quivered)
 n - 96 stones
 o - 2 throwing nets
 D - 15 poisoned darts
Armour
 p - a +0 chain mail (worn)
 y - a +1 tower shield (worn)
 B - a +0 cloak (worn)
 C - a +0 pair of gloves of strength (worn)
 H - the +0 pair of boots of Follow the Leader (worn) {rF+ rC+ Will+}
   (You found it on level 8 of the Dungeon)

   It protects you from fire.
   It protects you from cold.
   It affects your willpower, your defense against some magical effects.
Jewellery
 k - a ring of resist corrosion (left hand)
 s - an amulet of the acrobat (around neck)
 E - a +4 ring of evasion (right hand)
Scrolls
 c - a scroll of brand weapon {unknown}
 g - 12 scrolls of identify
 h - 2 scrolls of amnesia
 j - 3 scrolls of teleportation
 t - a scroll of holy word
 u - a scroll of remove curse
 x - 2 scrolls of magic mapping
 z - a scroll of blinking
Potions
 d - 2 potions of might
 e - a potion of heal wounds
 i - a potion of resistance
 F - 2 potions of flight


   Skills:
 * Level 9.3 Fighting
 + Level 1.0 Short Blades
 + Level 10.4 Axes
 + Level 3.4(3.6) Slings
 + Level 1.2(2.3) Throwing
 + Level 8.2 Armour
 + Level 2.1 Dodging
 + Level 2.4 Stealth
 + Level 8.5 Shields


You had 9 spell levels left.
You didn't know any spells.
Your spell library contained the following spells:

 Spells                   Type           Power        Failure   Level
 Animate Skeleton         Necr           0%           100%        1
 Apportation              Tloc           0%           100%        1
 Corona                   Hex            0%           100%        1
 Summon Small Mammal      Summ           0%           100%        1
 Confusing Touch          Hex            0%           100%        3
 Gell's Gravitas          Tloc           0%           100%        3
 Petrify                  Tmut/Erth      0%           100%        4
 Metabolic Englaciation   Hex/Ice        0%           100%        5
 Yara's Violent Unravell  Hex/Tmut       0%           100%        5


Dungeon Overview and Level Annotations

Branches:
Dungeon (9/15)             Temple (0/1) D:6
   Lair: D:8-11         Orc: D:9-12

Altars:
Hepliaklqana
Okawaru
Uskayaw
Xom

Shops:
D:6 *

Annotations:
D:3 1 runed translucent door, snek11's ghost, amateur OgWz
D:8 2 transporters, Gastronok; rozman's ghost, novice TrEE
D:9 Maggie


Innate Abilities, Weirdness & Mutations

You reflexively headbutt those who attack you in melee.
You have a pair of horns on your head.


Message History

Gastronok is moderately wounded.
You can now pass through a line of other dancers.
You feel yourself speed up. You block Gastronok's attack.
You slash Gastronok! You headbutt Gastronok!
Gastronok is heavily wounded.
You stomp with the beat, sending a shockwave through the revellers around you!
Gastronok is heavily wounded.
You can no longer pass through a line of other dancers.
Gastronok waves his eye-stalks in wide circles.
The air twists around and strikes you!!
* * * LOW HITPOINT WARNING * * *
You slash Gastronok!
Gastronok is severely wounded.
You can now pass through a line of other dancers.
You slash Gastronok!
Gastronok is severely wounded.
You slash Gastronok! You headbutt Gastronok!
Gastronok is almost dead.
Gastronok bites you!!
You die...

.#.#
##.###########...#
##.# ###########.##
##.## #.#
#............# #.#
#.#
#..####.###..########
#.# #.# #..#
#.............# #.##
#.# #..#
#####..##.....# #.##
#.# #..#
#...........# #...
##.# #..#
#.w...#.....# ####
...# ##..#
#.@.........# # ####
#...#
#.....##..#########
#..###
#.....##..........#
#....#
#######......####.#
######....###
#..###.# #.#
..>)........# #..#
#.# #.# #####.......#
#..# #.# #.#
............# #..#
#.# #.# .###......###
#..# #.# #.#


You could see Gastronok.

Vanquished Creatures
  Harold (D:7)
  A two-headed ogre (D:8)
  Duvessa (D:5)
  An orc warrior (D:7)
  2 phantoms
  An ice beast (D:3)
  A necrophage (D:6)
  A sky beast (D:5)
  2 ogres
  8 centaurs
  An elf zombie (D:4)
  6 bullfrogs
  A wyvern zombie (D:6)
  3 elf skeletons (D:4)
  Dowan (D:5)
  2 scorpions
  5 killer bees (D:8)
  4 wights (D:7)
  A jelly (D:8)
  2 human zombies (D:4)
  4 hounds
  2 bullfrog skeletons
  A centaur skeleton (D:8)
  A gnoll shaman (D:4)
  An orc priest (D:7)
  An iguana (D:5)
  4 human skeletons (D:4)
  6 worker ants
  2 orc wizards (D:7)
  A hound skeleton (D:9)
  2 worker ant zombies
  4 gnolls (D:4)
  12 adders
  A howler monkey skeleton (D:5)
  3 ufetubi
  An ooze (D:3)
  2 worms
  A dart slug (D:2)
  5 leopard geckos
  21 orcs
  8 giant cockroaches
  8 goblins
  8 hobgoblins
  11 jackals
  8 kobolds
  3 quokkas
  10 bats
  6 frilled lizards
  A leopard gecko skeleton (D:7)
  An orc zombie (D:4)
  8 rats
192 creatures vanquished.

Vanquished Creatures (others)
  7 plants
7 creatures vanquished.

Grand Total: 199 creatures vanquished

Notes
Turn   | Place    | Note
-------+----------+-------------------------------------------
     0 | D:1      | promet the Minotaur Fighter began the quest for the Orb.
     0 | D:1      | Reached XP level 1. HP: 19/19 MP: 0/0
   179 | D:1      | Reached XP level 2. HP: 24/27 MP: 1/1
   455 | D:1      | Reached skill level 3 in Axes
   602 | D:1      | Reached XP level 3. HP: 33/33 MP: 2/2
  1149 | D:2      | Reached XP level 4. HP: 40/41 MP: 3/3
  1244 | D:2      | Found a hide-covered altar of Uskayaw.
  1248 | D:2      | Became a worshipper of Uskayaw the Reveller
  1317 | D:2      | Reached * piety under Uskayaw
  1329 | D:2      | Reached skill level 4 in Axes
  1505 | D:2      | Gained mutation: You are clumsy. (Dex -2) [potion of
                  | mutation]
  1505 | D:2      | Lost mutation: You are clumsy. (Dex -2) [potion of
                  | mutation]
  1544 | D:2      | Reached skill level 1 in Slings
  1836 | D:3      | Reached ** piety under Uskayaw
  1857 | D:3      | Found a runed translucent door.
  1964 | D:3      | Noticed snek11's ghost (amateur OgWz)
  2052 | D:3      | Noticed an ice beast
  2060 | D:3      | Killed an ice beast
  2060 | D:3      | Reached *** piety under Uskayaw
  2061 | D:3      | Reached XP level 5. HP: 47/47 MP: 4/4
  2541 | D:4      | Reached XP level 6. HP: 55/55 MP: 5/5
  2584 | D:4      | Reached skill level 5 in Fighting
  2584 | D:4      | Reached skill level 5 in Axes
  2806 | D:4      | Reached skill level 5 in Shields
  2910 | D:4      | Reached XP level 7. HP: 59/61 MP: 6/6
  2941 | D:4      | Reached skill level 6 in Axes
  3789 | D:5      | Entered Level 5 of the Dungeon
  3857 | D:5      | Reached skill level 7 in Axes
  3857 | D:5      | Reached skill level 5 in Armour
  3857 | D:5      | Reached skill level 1 in Dodging
  3857 | D:5      | Reached XP level 8. HP: 37/71 MP: 7/7
  4109 | D:5      | Found an iron altar of Okawaru.
  4431 | D:5      | Noticed Duvessa
  4432 | D:5      | Noticed Dowan
  4442 | D:5      | Killed Dowan
  4447 | D:5      | Killed Duvessa
  5404 | D:6      | Reached skill level 8 in Axes
  5455 | D:6      | You fall into a shaft and drop 2 floors!
  5480 | D:8      | Found a transporter.
  5481 | D:8      | Found a transporter.
  5481 | D:8      | Noticed rozman's ghost (novice TrEE)
  5668 | D:7      | Reached skill level 1 in Stealth
  5668 | D:7      | Reached XP level 9. HP: 72/79 MP: 8/8
  5736 | D:6      | Found a staircase to the Ecumenical Temple.
  5808 | D:6      | Reached skill level 9 in Axes
  5986 | D:6      | Found Jod Cua's Assorted Antiques.
  6004 | D:6      | Bought a cloak for 121 gold pieces
  6004 | D:6      | Bought a pair of runed gloves for 202 gold pieces
  6962 | D:7      | Noticed Harold
  7017 | D:7      | Killed Harold
  7018 | D:7      | Reached skill level 1 in Throwing
  7018 | D:7      | Reached **** piety under Uskayaw
  7781 | D:8      | Noticed a two-headed ogre
  7792 | D:8      | Killed a two-headed ogre
  7793 | D:8      | Reached skill level 10 in Axes
  7793 | D:8      | Reached XP level 10. HP: 53/91 MP: 9/9
  7806 | D:8      | Reached ***** piety under Uskayaw
  7984 | D:8      | Got a pair of glimmering boots
  7990 | D:8      | Identified the cursed +0 pair of boots of Follow the Leader
                  | {rF+ rC+ Will+} (You found it on level 8 of the Dungeon)
  8149 | D:8      | Found a hazy altar of Hepliaklqana.
  8412 | D:8      | Found a shimmering altar of Xom.
  8655 | D:8      | Reached skill level 1 in Short Blades
  8802 | D:9      | Noticed Gastronok
  8804 | D:9      | Noticed Maggie
  8901 | D:8      | Mangled by Gastronok

Illustrated notes

Levels and vault maps discovered:
D:1:      heliophobic_arrival_glass_houses, layout_basic, chequers_big_river,
          minmay_misc_feat_five
D:2:      layout_basic, marbit_many_paths, serial_corexii_hall,
          chequers_hall_statues_wall_a, corexii_hall_statues_i
D:3:      layout_basic, ebering_ghost_sewer_d
D:4:      layout_rooms, nicolae_ossuary_entry_catacombs, portal_sewer_entry_f
D:5:      layout_gridville, okawaru_gym_becter, uniq_duvessa
D:6:      layout_basic, minmay_temple_entry_gardened_gates, serial_shops, shop
D:7:      layout_basic, uniq_harold
D:8:      layout_loops_ring, gammafunk_ghost_arena, basic_altar,
          lemuel_centaur_altar
D:9:      layout_rooms, dpeg_oklobed_lair, serial_shops, shop,
          ebering_ghost_xom, uniq_gastronok, uniq_maggie, uniq_pikel

Skill      XL: |  1  2  3  4  5  6  7  8  9 10 |
---------------+-------------------------------+-----
Fighting       | 4 5 6 7 9 |  9.3
Shields        | 4 5 7 8 |  8.5
Axes           | 3 4 5 7 8 10 | 10.4
Armour         | 4 5 7 8 |  8.2
Slings         | 1 2 3 |  3.4
Dodging        | 1 2 |  2.1
Stealth        | 1 2 |  2.4
Throwing       | 1 |  1.2
Short Blades   | 1 |  1.0

Action                   |  1- 3 |  4- 6 |  7- 9 | 10-12 || total
-------------------------+-------+-------+-------+-------++-------
Melee: War axe           |   102 |   132 |   322 |    51 ||   607
       Headbutt          |    16 |    23 |    61 |    18 ||   118
       Dagger            |       |     8 |       |    32 ||    40
       Hunting sling     |       |       |    12 |       ||    12
 Fire: Hunting sling     |     2 |    15 |    24 |       ||    41
Throw: Stone             |       |       |     1 |       ||     1
       Boomerang         |       |       |     9 |       ||     9
Invok: Stomp             |       |     1 |     1 |     1 ||     3
  Use: Scroll            |     6 |     9 |     4 |     2 ||    21
       Potion            |       |     8 |     6 |     1 ||    15
 Stab: Paralysed         |       |     1 |     7 |     2 ||    10
Armor: Scale mail        |    54 |     5 |       |       ||    59
       Chain mail        |       |    43 |   113 |    31 ||   187
Dodge: Dodged            |    22 |    21 |    52 |    20 ||   115
Block: Kite shield       |    62 |    73 |   119 |       ||   254
       Tower shield      |       |       |   121 |   103 ||   224
